 Dungeon Crawl Stone Soup version 0.30.1-4-g462c640d31 (webtiles) character file.

Game seed: 15486587650151999222

18902 kanashiikitsune the Protected (level 12, -4/114 HPs)
             Began as a Minotaur Fighter on Sept 17, 2023.
             Was a High Priest of Cheibriados.
             Slain by a snapping turtle (6 damage)
             ... on level 2 of the Shoals.
             The game lasted 01:45:30 (11969 turns).

kanashiikitsune the Protected (Minotaur Fighter)   Turns: 11969, Time: 01:45:31

Health: -4/114     AC: 20    Str: 39 (40) XL:     12   Next: 31%
Magic:  0/12       EV: 13    Int: 17 (19) God:    Cheibriados [*****.]
Gold:   758        SH:  8    Dex: 24      Spells: 8/11 levels left

rFire   . . .        p - +2 war axe (vamp)
rCold   . . .        k - +1 buckler {AC+3}
rNeg    . . .        q - +3 chain mail
rPois   .            (helmet restricted)
rElec   .            (no cloak)
rCorr   .            r - +0 pair of gloves
SInv    .            (no boots)
Will    .....        c - amulet of guardian spirit
Stlth   +            l - +4 ring of slaying
HPRegen 0.39/turn    m - +4 ring of slaying
MPRegen 0.13/turn

%: guardian spirit
@: spiked, very slow
A: horns 2, retaliatory headbutt, robust 1
a: Renounce Religion, Bend Time, Temporal Distortion, Slouch, Step From Time


You were on level 2 of the Shoals.
You worshipped Cheibriados.
Cheibriados was extremely pleased with you.
You visited 3 branches of the dungeon, and saw 13 of its levels.

You collected 758 gold pieces.

Inventory:

Hand Weapons
 a - a +0 war axe
 e - a +2 spear of venom
 f - a +0 short sword
 p - a +2 vampiric war axe (weapon)
 s - a +4 halberd
 u - a +0 battleaxe
Missiles
 g - 37 poisoned darts (quivered)
 h - a silver javelin
Armour
 b - a +0 scale mail
 k - a +1 buckler of protection (worn)
 q - a +3 chain mail (worn)
 r - a +0 pair of gloves (worn)
 z - a +0 kite shield
Jewellery
 c - an amulet of guardian spirit (around neck)
 d - a ring of positive energy
 l - a +4 ring of slaying (left hand)
 m - a +4 ring of slaying (right hand)
 o - a +6 ring of intelligence
 x - a ring of fire
 y - a ring of poison resistance
Wands
 v - a wand of charming (18)
 E - a wand of roots (7)
Scrolls
 i - 2 scrolls of teleportation
 n - a scroll of poison {unknown}
 B - 3 scrolls of vulnerability
Potions
 j - 2 potions of flight
 t - a potion of magic
 w - 3 potions of attraction
 A - 3 potions of lignification
 D - a potion of haste {unknown}


   Skills:
 + Level 9.3 Fighting
 + Level 13.3 Axes
 + Level 5.3 Throwing
 + Level 13.5 Armour
 + Level 3.8 Dodging
 + Level 4.4 Stealth
 + Level 8.8 Shields
 + Level 1.5 Invocations
 + Level 3.0 Evocations


You had 8 spell levels left.
You knew the following spells:

 Your Spells              Type           Power      Damage    Failure   Level
a - Necrotise             Necr           0%         1d4       52%         1
b - Kiss of Death         Conj/Necr      0%         2d5       52%         1
c - Apportation           Tloc           0%         N/A       52%         1

Your spell library contained the following spells:

 Spells                   Type           Power      Damage    Failure   Level
 Summon Small Mammal      Summ           0%         N/A       52%         1
 Poisonous Vapours        Pois/Air       0%         N/A       65%         2
 Confusing Touch          Hex            0%         N/A       87%         3
 Dazzling Flash           Conj/Hex       0%         N/A       87%         3
 Inner Flame              Hex/Fire       0%         N/A       87%         3
 Mephitic Cloud           Conj/Pois/Air  0%         N/A       87%         3
 Stone Arrow              Conj/Erth      0%         3d7       87%         3
 Volatile Blastmotes      Fire/Tloc      0%         2d10      87%         3
 Animate Armour           Summ/Erth      0%         N/A       99%         4
 Dispel Undead            Necr           0%         3d6       99%         4
 Iskenderun's Mystic Bla  Conj/Tloc      0%         2d3       99%         4
 Summon Ice Beast         Ice/Summ       0%         N/A       99%         4
 Freezing Cloud           Conj/Ice/Air   0%         6-21      100%        5
 Summon Mana Viper        Hex/Summ       0%         N/A       100%        5
 Yara's Violent Unravell  Hex/Tmut       0%         3d3       100%        5
 Starburst                Conj/Fire      0%         6d3       100%        6
 Enfeeble                 Hex            0%         N/A       100%        7
 Monstrous Menagerie      Summ           0%         N/A       100%        7
 Lehudib's Crystal Spear  Conj/Erth      0%         10d2      100%        8


Dungeon Overview and Level Annotations

Branches:
Dungeon (9/15)             Temple (0/1) D:5            Lair (2/5) D:9
 Shoals (2/4) Lair:2
  Snake: Lair:2-3    Spider: Lair:2-3       Orc: D:9-12

Altars:
Ashenzari
Cheibriados
Fedhas
Nemelex Xobeh
Okawaru
Qazlal
Ru
Sif Muna
Vehumet
Yredelemnul
Zin

Shops:
D:6 *


Innate Abilities, Weirdness & Mutations

You have a pair of horns on your head.
You reflexively headbutt those who attack you in melee.
You are robust. (+10% HP)


Message History

The snapping turtle closely misses you.
The barbs in your skin will harm you if you move.
Continue?
The barbed spikes dig painfully into your body as you move.
The manticore flicks its tail.
The volley of spikes hits you!
The barbed spikes become lodged in your body.
The snapping turtle barely misses you.
The snapping turtle bites you from afar!
You see here a potion of curing.
As you read the scroll of teleportation, it crumbles to dust.
You feel strangely unstable.
The manticore flicks its tail.
The volley of spikes misses you.
The volley of spikes hits the plant!
The plant begins to die.
You block the snapping turtle's attack.
As you read the scroll of teleportation, it crumbles to dust.
You feel strangely stable.
The manticore flicks its tail.
The volley of spikes hits you but does no damage.
The snapping turtle bites you from afar!
Aiming: Charm
Press: ? - help, Q - select action, (/) - cycle Shift-Dir - straight line, f - manticore
Aim: a manticore (chance to affect: 38%)
The manticore is charmed.
The snapping turtle bites you but does no damage.
Aiming: Charm
Press: ? - help, Q - select action, (/) - cycle Shift-Dir - straight line, f/p - manticore
Aim: a manticore (charmed, friendly, chance to affect: 38%) Really fire at your manticore? [Y]es or [N]o only, please.
Really fire at your manticore?
Okay, then.
The barbed spikes dig painfully into your body as you move.
A nearby plant withers and dies.
The snapping turtle bites you!
* * * LOW HITPOINT WARNING * * *
The snapping turtle bites you!!
* * * LOW HITPOINT WARNING * * *
The barbed spikes dig painfully into your body as you move.
* * * LOW HITPOINT WARNING * * *
The snapping turtle bites you from afar.
You die...

#.~~~~~~~~~~~
#..~~~~~~~~~~~
####..~~~~~~~~~~~
..P.~~~~~~~~~~~~~.
.PP~≈~~~~~~≈≈~~~~.
#.PP~~~~~~~≈≈~..~~
#PP~P~~~~t~~~...~~
#PPP~~~~~~~~~~~~≈~
~~~~~~~!H@~≈~≈≈~~~
~~~~~~~~~?~~~≈≈~..
~~~~~~....<..~~~..
.~~~~.####..~~~~~.
.....# #.~~~~~..
####. #.~≈~~... #
..~≈≈~~~.
.~~≈≈≈≈~~
~~~H~~~..


You could see a snapping turtle and a friendly manticore (charmed).

Vanquished Creatures
  A merfolk javelineer (Shoals:1)
  A hydra (Lair:2)
  2 skysharks
  3 sea snakes (Shoals:1)
  A harpy (Lair:2)
  2 manticores (Shoals:1)
  5 fauns (Shoals:1)
  6 elephants (Lair:2)
  3 water nymphs (Shoals:1)
  A merfolk siren (Shoals:1)
  2 cane toads (Lair:1)
  2 torpor snails
  A komodo dragon (Lair:1)
  6 merfolk (Shoals:1)
  Grinder (D:5)
  A slime creature (D:8)
  A snapping turtle (Shoals:1)
  A wyvern (D:8)
  2 basilisks
  A water elemental (Shoals:2)
  13 yaks
  A steam dragon (D:6)
  4 water moccasins
  An ice beast (D:7)
  A sky beast (D:8)
  A black bear (D:5)
  4 ogres
  2 centaurs
  6 bullfrogs
  A gnoll sergeant (D:9)
  2 scorpions
  11 wights
  3 killer bees (D:8)
  2 howler monkeys
  2 jellies
  7 hounds
  2 gnoll boudas
  4 iguanas
  A sleepcap (D:6)
  An orc wizard (D:7)
  9 adders
  7 gnolls
  3 white imps
  2 ufetubi
  2 worms (D:2)
  3 dart slugs
  16 orcs
  7 ball pythons
  14 endoplasms
  3 giant cockroaches
  9 hobgoblins
  5 jackals
  5 quokkas
  8 bats
  4 frilled lizards (D:3)
  6 goblins
  13 kobolds
  3 rats
231 creatures vanquished.

Vanquished Creatures (collateral kills)
  A wight (D:7)
1 creature vanquished.

Vanquished Creatures (others)
  A faun (Shoals:1)
1 creature vanquished.

Grand Total: 233 creatures vanquished

Notes
Turn   | Place    | Note
-------+----------+-------------------------------------------
     0 | D:1      | kanashiikitsune the Minotaur Fighter began the quest for
                  | the Orb.
     0 | D:1      | Reached XP level 1. HP: 19/19 MP: 0/0
   136 | D:1      | Reached XP level 2. HP: 24/27 MP: 1/1
   569 | D:1      | Reached XP level 3. HP: 25/33 MP: 2/2
  1121 | D:2      | Found a faded altar of an unknown god.
  1125 | D:2      | Prayed at the altar of an unknown god.
  1125 | D:2      | Became a worshipper of Cheibriados the Contemplative
  1125 | D:2      | Reached * piety under Cheibriados
  1377 | D:2      | Reached XP level 4. HP: 40/40 MP: 3/3
  1726 | D:3      | Reached ** piety under Cheibriados
  1801 | D:3      | Found a broken altar of Ashenzari.
  2117 | D:3      | Found a blossoming altar of Fedhas.
  2531 | D:4      | Found a sparkling altar of Nemelex Xobeh.
  2619 | D:4      | Reached XP level 5. HP: 47/47 MP: 4/4
  2845 | D:4      | Reached *** piety under Cheibriados
  3205 | D:4      | Reached skill level 5 in Armour
  3220 | D:4      | Found a basalt altar of Yredelemnul.
  3494 | D:5      | Entered Level 5 of the Dungeon
  3497 | D:5      | Learned a level 1 spell: Necrotise
  3554 | D:5      | Noticed a black bear
  3563 | D:5      | Killed a black bear
  3564 | D:5      | Reached skill level 5 in Fighting
  3564 | D:5      | Reached XP level 6. HP: 39/56 MP: 0/5
  3809 | D:5      | Reached skill level 5 in Axes
  3910 | D:5      | Reached skill level 1 in Stealth
  3926 | D:5      | Found a staircase to the Ecumenical Temple.
  3944 | D:5      | Reached XP level 7. HP: 50/61 MP: 6/6
  4172 | D:5      | Noticed Grinder
  4177 | D:5      | Paralysed by Grinder for 2 turns
  4181 | D:5      | Paralysed by Grinder for 4 turns
  4193 | D:5      | Killed Grinder
  4194 | D:5      | Reached skill level 1 in Dodging
  4194 | D:5      | Reached skill level 1 in Evocations
  4544 | D:5      | Reached **** piety under Cheibriados
  4555 | D:5      | Reached skill level 1 in Throwing
  4736 | D:6      | Noticed a steam dragon
  4746 | D:6      | Killed a steam dragon
  4747 | D:6      | Reached XP level 8. HP: 41/70 MP: 7/7
  5066 | D:6      | Found Loneda's General Store.
  5096 | D:6      | Found an iron altar of Okawaru.
  5257 | D:6      | Reached skill level 5 in Shields
  5259 | D:6      | Learned a level 1 spell: Kiss of Death
  5870 | D:6      | Reached skill level 1 in Invocations
  6231 | D:6      | Found a radiant altar of Vehumet.
  6351 | D:6      | Learned a level 1 spell: Apportation
  6364 | D:7      | Reached XP level 9. HP: 64/75 MP: 8/8
  6573 | D:7      | Found a shimmering blue altar of Sif Muna.
  6729 | D:7      | Found a sacrificial altar of Ru.
  6834 | D:7      | Identified a scroll of acquirement
  6834 | D:7      | Acquired a +1 buckler of protection
  6862 | D:7      | Found a stormy altar of Qazlal.
  7301 | D:8      | Reached ***** piety under Cheibriados
  7341 | D:8      | Found a glowing silver altar of Zin.
  8010 | D:9      | Reached skill level 10 in Armour
  8074 | D:9      | Gained mutation: You are robust. (+10% HP) [potion of
                  | mutation]
  8154 | D:9      | Found a staircase to the Lair.
  8173 | Lair:1   | Entered Level 1 of the Lair of Beasts
  8206 | Lair:1   | Noticed a torpor snail
  8213 | Lair:1   | Killed a torpor snail
  8214 | Lair:1   | Reached XP level 10. HP: 92/92 MP: 8/10
  8330 | Lair:1   | Reached skill level 10 in Axes
  8397 | Lair:1   | Noticed a cane toad
  8400 | Lair:1   | Killed a cane toad
  8659 | Lair:1   | Noticed a cane toad
  8662 | Lair:1   | Killed a cane toad
  8769 | Lair:2   | Found a staircase to the Shoals.
  8769 | Lair:2   | Noticed a harpy
  8771 | Lair:2   | Killed a harpy
  8966 | Lair:2   | Noticed a skyshark
  8973 | Lair:2   | Killed a skyshark
  9231 | Lair:2   | Noticed a torpor snail
  9239 | Lair:2   | Killed a torpor snail
  9240 | Lair:2   | Reached XP level 11. HP: 103/103 MP: 11/11
  9326 | Lair:2   | Noticed an eight-headed hydra
  9336 | Lair:2   | Killed a 12-headed hydra
 10459 | Shoals:1 | Entered Level 1 of the Shoals
 10584 | Shoals:1 | Noticed a skyshark
 10597 | Shoals:1 | Killed a skyshark
 10848 | Shoals:1 | Noticed a sea snake
 10857 | Shoals:1 | Killed a sea snake
 10865 | Shoals:1 | Noticed a sea snake
 10871 | Shoals:1 | Killed a sea snake
 11107 | Shoals:1 | Reached XP level 12. HP: 62/114 MP: 0/12
 11398 | Shoals:1 | Reached ****** piety under Cheibriados
 11447 | Shoals:1 | Noticed a merfolk javelineer
 11490 | Shoals:1 | Killed a merfolk javelineer
 11491 | Shoals:1 | Reached skill level 5 in Throwing
 11969 | Shoals:2 | HP: 1/114 [barbs]
 11969 | Shoals:2 | Slain by a snapping turtle

Illustrated notes

Levels and vault maps discovered:
D:1:      matt_arrival_los_fun, layout_loops_ring
D:2:      minmay_alternating_diamond, layout_loops_cross,
          shapermc_ecumenical_altar_mp_vishouse
D:3:      layout_loops_ring, nicolae_ashenzari_panopticon,
          fedhas_ov_isle_minmay, guppyfry_early_orc_mine
D:4:      layout_basic, lemuel_crystal_altar, overflow_temple_1_default
D:5:      layout_loops_corners, minmay_temple_entry_waves, uniq_grinder
D:6:      layout_loops_ring, marbit_many_paths, okawaru_metal_pillars_3,
          serial_shops, shop, kennysheep_small_square
D:7:      layout_loops_corners, kennysheep_little_box,
          mainiacjoe_overflow_cross_hatched, mainiacjoe_overflow_small_starburst
D:8:      layout_gridville, mainiacjoe_overflow_boulevard,
          mrwooster_statue_mirror, minmay_quadrilaterals
D:9:      layout_rooms, dpeg_oklobed_lair, ebering_ghost_xom
Lair:1:   layout_long_grid
Lair:2:   layout_cave_pods, nicolae_shoals_entry_roost,
          nicolae_volcano_entry_s_turn, serial_rivers,
          chequers_serial_rivers_micro_b, chequers_serial_rivers_micro_d,
          chequers_serial_rivers_room_b, chequers_serial_rivers_small_3,
          lemuel_fruit_tree, lemuel_fruit_fields, infiniplex_staircase_pool_2
Shoals:1: layout_shoals
Shoals:2: layout_shoals, ldierk_geyser, nicolae_shoals_isolated_beach,
          uniq_ilsuiw

Skill      XL: |  1  2  3  4  5  6  7  8  9 10 11 12 |
---------------+-------------------------------------+-----
Fighting       | 4 5 6 7 9 |  9.3
Shields        | 4 5 6 8 |  8.8
Axes           | 3 4 5 6 8 9 11 12 13 | 13.3
Armour         | 4 5 6 7 8 10 11 13 | 13.5
Stealth        | 1 2 4 |  4.4
Dodging        | 1 2 3 |  3.8
Evocations     | 1 2 3 |  3.0
Throwing       | 1 2 3 4 5 |  5.3
Invocations    | 1 |  1.5

Action                     |  1- 3 |  4- 6 |  7- 9 | 10-12 || total
---------------------------+-------+-------+-------+-------++-------
  Melee: War axe           |    75 |    89 |   122 |   160 ||   446
         Headbutt          |    11 |     9 |    26 |    38 ||    84
  Throw: Dart              |       |     3 |    21 |    57 ||    81
         Throwing net      |       |       |     1 |     1 ||     2
 Invoke: Bend Time         |       |     1 |     1 |     1 ||     3
         Temporal Distorti |       |       |     1 |       ||     1
  Evoke: Wand              |       |    11 |    10 |    13 ||    34
    Use: Scroll            |       |     1 |    19 |     5 ||    25
         Potion            |       |     1 |     3 |    19 ||    23
   Stab: Held in net/web   |       |       |     3 |       ||     3
         Distracted        |       |       |     1 |     1 ||     2
 Armour: Scale mail        |    31 |    10 |       |       ||    41
         Chain mail        |       |    42 |    80 |   124 ||   246
         Skin              |       |       |       |     7 ||     7
  Dodge: Dodged            |    46 |    57 |    70 |   109 ||   282
  Block: Buckler           |    20 |    32 |    52 |    93 ||   197
